 Dungeon Crawl Stone Soup version 0.18.1-5-g4a78601 (webtiles) character file.

517 Gargoyl the Covered (level 7, -2/55 HPs)
             Began as a Demonspawn Abyssal Knight on May 14, 2016.
             Was an Elder of Lugonu.
             Slain by an ogre
             ... wielding a +0 giant club
              (27 damage)
             ... on level 5 of the Dungeon.
             The game lasted 00:06:54 (3637 turns).

Gargoyl the Covered (Demonspawn Abyssal Knight)     Turns: 3637, Time: 00:06:55

Health: -2/55      AC: 12    Str: 14    XL:     7   Next: 0%
Magic:  9/9        EV: 10    Int: 13    God:    Lugonu [****..]
Gold:   247        SH:  0    Dex: 18    Spells: 0 memorised, 6 levels left

rFire  . . .     SeeInvis .     a - +1 hand axe
rCold  + + .     Gourm    .     x - +0 plate armour
rNeg   . . .     Faith    .     (no shield)
rPois  .         Spirit   .     (helmet restricted)
rElec  .         Dismiss  .     (no cloak)
rCorr  .         Reflect  .     (no gloves)
SustAt .         Harm     .     (no boots)
MR     .....                    (no amulet)
Stlth  ..........               y - ring of protection from cold
                                v - ring of protection from cold

@: agile, not resistant to hostile enchantments, extremely unstealthy
A: horns 1, powered by pain 1, spiny 1
a: Depart the Abyss, Bend Space, Banish, Corrupt, Renounce Religion


You were on level 5 of the Dungeon.
You worshipped Lugonu.
Lugonu was greatly pleased with you.
You were not hungry.

You visited 1 branch of the dungeon, and saw 5 of its levels.
You visited the Abyss 1 time.

You collected 247 gold pieces.

Inventory:

Hand Weapons
 a - a +1 hand axe (weapon)
 q - a +0 flail
Missiles
 D - 5 tomahawks (quivered)
Armour
 x - a +0 plate armour (worn)
Jewellery
 v - a ring of protection from cold (left hand)
 y - a ring of protection from cold (right hand)
Wands
 r - a wand of lightning (0/15)
 w - a wand of lightning (7/15)
Scrolls
 d - 2 scrolls of teleportation
 f - 2 scrolls of remove curse
 i - a scroll of fog {unknown}
 j - 5 scrolls of identify
 l - a scroll of noise {unknown}
 m - a scroll of enchant weapon {unknown}
 n - 2 scrolls of enchant armour {unknown}
 z - a scroll of blinking {unknown}
 B - a scroll of recharging {unknown}
 C - a scroll of immolation {unknown}
Potions
 e - a potion of degeneration {unknown}
 g - 2 potions of curing {unknown}
 h - a potion of berserk rage {unknown}
 k - a potion of heal wounds {unknown}
 s - a potion of might {unknown}
 t - 3 potions of brilliance {unknown}
 u - 2 potions of ambrosia {unknown}
 A - 2 potions of flight {unknown}
 E - a potion of lignification {unknown}
Comestibles
 b - 2 meat rations
 c - 5 bread rations
 o - a slice of pizza
 p - a royal jelly


   Skills:
 + Level 4.5 Fighting
 + Level 2.8 Axes
 * Level 4.8 Armour
 + Level 2.7 Dodging
 + Level 0.6 Stealth
 + Level 2.7 Invocations
 + Level 0.2 Evocations


You had 6 spell levels left.
You didn't know any spells.

Dungeon Overview and Level Annotations

Branches:
Dungeon (5/15)
 Temple: D:4-7

Altars:
Cheibriados
Elyvilon
Nemelex Xobeh
Trog

Annotations:
D:5 Prince Ribbit


Innate Abilities, Weirdness & Mutations

You have a pair of small horns on your head.
You sometimes gain a little power by taking damage.
You are partially covered in sharp spines.


Message History

Found a stone staircase leading down.
An ogre and Prince Ribbit come into view.
Prince Ribbit gives a loud, deep croak!
The ogre shouts!
You see here a bread ration.
Your plate armour prevents you from hitting Prince Ribbit.
You barely miss the ogre. Prince Ribbit hits you!
Prince Ribbit is struck by your spines. Prince Ribbit hits you!
The ogre hits you with a giant club!
You focus on the pain.
You feel agile all of a sudden.
Your plate armour prevents you from hitting Prince Ribbit.
Prince Ribbit is lightly wounded.
You hit the ogre.
The ogre is lightly wounded.
Prince Ribbit blinks!
Unknown command.
The ogre is struck by your spines. The ogre hits you with a giant club.
Your plate armour prevents you from hitting the ogre.
The ogre is moderately wounded.
The ogre is struck by your spines. The ogre hits you with a giant club!!
You die...

#.# #.# ##+# #.#
#.#....... #.#
#.#....... #.#
#.#.......
##.####.#......
#.....#.#......
#####.#%...##+#
#.#.F.....#
#.#.@.....#
#.#.O.....#
#.#.#.......
#.#.#>......
#####.#.........
#<....##.....#..
####### .....# .
.....+


You could see Prince Ribbit and an ogre.

Vanquished Creatures
  A phantom (D:4)
  The ghost of krfreak the Magician, an amateur DEFE (D:3)
  A hound (D:4)
  A giant frog skeleton (D:4)
  An iguana (D:4)
  2 worker ants (D:4)
  Robin (D:2)
  5 gnolls
  4 adders
  An ooze (D:1)
  4 worms
  A dart slug (D:1)
  2 giant geckos (D:2)
  5 orcs (D:4)
  10 bats
  12 giant cockroaches
  19 goblins
  8 hobgoblins
  7 jackals
  3 kobolds
  3 quokkas
  A ball python (D:1)
  7 giant newts
  A quokka skeleton (D:4)
  11 rats
112 creatures vanquished.

Vanquished Creatures (others)
  A quokka (D:4)
1 creature vanquished.

Grand Total: 113 creatures vanquished

Notes
Turn   | Place    | Note
--------------------------------------------------------------
     0 | Abyss:1  | Gargoyl the Demonspawn Abyssal Knight began the quest for the Orb.
     0 | Abyss:1  | Reached XP level 1. HP: 18/18 MP: 2/2
    63 | Abyss:2  | Noticed a freezing wraith
    64 | Abyss:2  | Noticed a neqoxec
    64 | D:1      | Escaped the Abyss
   100 | D:1      | Reached * piety under Lugonu
   159 | D:1      | Reached skill level 1 in Dodging
   179 | D:1      | Gained mutation: You are partially covered in sharp spines. [demonic ancestry]
   179 | D:1      | Reached XP level 2. HP: 24/24 MP: 3/3
   582 | D:1      | Reached XP level 3. HP: 29/29 MP: 4/4
   869 | D:2      | Reached ** piety under Lugonu
   899 | D:2      | Reached XP level 4. HP: 29/37 MP: 5/5
  1330 | D:2      | Noticed Robin
  1343 | D:2      | Killed Robin
  1663 | D:2      | Found a sparkling altar of Nemelex Xobeh.
  1678 | D:2      | Gained mutation: You have a pair of small horns on your head. [demonic ancestry]
  1678 | D:2      | Reached XP level 5. HP: 42/42 MP: 7/7
  1686 | D:2      | Reached *** piety under Lugonu
  2483 | D:3      | Noticed krfreak's ghost (amateur DEFE)
  2500 | D:3      | Killed krfreak's ghost
  2674 | D:3      | Found a snail-covered altar of Cheibriados.
  2678 | D:3      | Reached XP level 6. HP: 47/49 MP: 8/8
  2871 | D:4      | Found a white marble altar of Elyvilon.
  3197 | D:4      | Reached **** piety under Lugonu
  3451 | D:4      | Found a bloodstained altar of Trog.
  3531 | D:4      | Gained mutation: You sometimes gain a little power by taking damage. [demonic ancestry]
  3531 | D:4      | Reached XP level 7. HP: 55/55 MP: 9/9
  3597 | D:5      | Entered Level 5 of the Dungeon
  3630 | D:5      | Noticed Prince Ribbit
  3637 | D:5      | Slain by an ogre

Skill      XL: |  1  2  3  4  5  6 |
---------------+-------------------+-----
Dodging        | 1 2 |  2.7
Armour         | 2 3 4 |  4.8
Axes           | 2 |  2.8
Fighting       | 4 |  4.5
Stealth        | |  0.6
Invocations    | |  2.7
Evocations     | |  0.2

Action                   |  1- 3 |  4- 6 |  7- 9 || total
-------------------------+-------+-------+-------++-------
Melee: Hand axe          |    45 |   142 |     4 ||   191
       Headbutt          |       |    22 |       ||    22
Invok: Depart the Abyss  |     1 |       |       ||     1
Evoke: Wand              |       |     3 |       ||     3
  Use: Scroll            |       |     6 |       ||     6
  Eat: Chunk             |       |     8 |     1 ||     9
Armor: Ring mail         |    17 |    13 |       ||    30
       Plate armour      |       |    74 |     1 ||    75
Dodge: Dodged            |    31 |    40 |       ||    71
